 Dungeon Crawl Stone Soup version 0.31-a0-543-geaa9c7a2c0 (webtiles) character file.

Game seed: 4029978782615992425

86 Ethylacetat the Ducker (level 4, -4/31 HPs)
             Began as an Octopode Gladiator on Aug 15, 2023.
             Slain by a gnoll
             ... wielding a +0 club
              (6 damage)
             ... on level 4 of the Dungeon.
             The game lasted 00:01:34 (2001 turns).

Ethylacetat the Ducker (Octopode Gladiator)         Turns: 2001, Time: 00:01:34

Health: -4/31      AC:  1    Str: 13    XL:     4   Next: 49%
Magic:  4/4        EV: 14    Int: 10    God:
Gold:   157        SH:  0    Dex: 15    Spells: 3/3 levels left

rFire   . .          .
                       - Unarmed
rCold   . . .        (no shield)
rNeg    . . .        a - +0 hat
rPois   .            (no amulet)
rElec   .            (no ring)
rCorr   .            (no ring)
SInv    .            (no ring)
Will    .....        (no ring)
Stlth   ++           (no ring)
HPRegen 0.25/turn    (no ring)
MPRegen 0.09/turn    (no ring)
                     (no ring)

%: no passive effects
@: no status effects
A: almost no armour, amphibious, 8 rings, camouflage 1, gelatinous body 1,
(nimble swimmer 1), tentacles
a: no special abilities


You were on level 4 of the Dungeon.
You visited 1 branch of the dungeon, and saw 4 of its levels.

You collected 157 gold pieces.

Inventory:

Missiles
 b - 3 throwing nets (quivered)
 c - a javelin
Armour
 a - a +0 hat (worn)
Wands
 i - a wand of roots (9)
Scrolls
 d - 3 scrolls of identify {unknown}
 e - 4 scrolls of teleportation {unknown}
 g - a scroll of immolation {unknown}
 h - a scroll of vulnerability {unknown}
 j - a scroll of amnesia {unknown}
 k - a scroll of noise {unknown}
 m - a scroll of poison {unknown}
Potions
 f - a potion of curing {unknown}
 l - a potion of haste {unknown}


   Skills:
 + Level 3.1 Fighting
 - Level 2.0 Throwing
 + Level 3.8 Dodging
 + Level 3.8 Unarmed Combat


You had 3 spell levels left.
You didn't know any spells.
Your spell library contained the following spells:

 Spells                   Type           Power      Damage    Failure   Level
 Sting                    Tmut/Pois      0%         1d3       36%         1
 Blink                    Tloc           0%         N/A       50%         2
 Lesser Beckoning         Tloc           0%         N/A       50%         2
 Momentum Strike          Conj/Tloc      0%         3d8       50%         2
 Poisonous Vapours        Pois/Air       0%         N/A       50%         2
 Olgreb's Toxic Radiance  Pois           0%         N/A       98%         4


Dungeon Overview and Level Annotations

Branches:
Dungeon (4/15)
 Temple: D:4-7

Altars:


Innate Abilities, Weirdness & Mutations

You cannot wear most types of armour.
You are amphibious.
You can wear up to eight rings at the same time.
Your skin changes colour to match your surroundings (Stealth+).
Your rubbery body absorbs attacks. (AC +1, EV +1)
((You are camouflaged when in or above water. (Stealth+)))
You have tentacles for arms and can constrict up to eight enemies at once.


Message History

You tentacle-slap the gnoll. You grab the gnoll.
The gnoll is heavily wounded.
You constrict the gnoll. The gnoll barely misses you. x2
You tentacle-slap the gnoll.
You tentacle-slap the gnoll, but do no damage.
The gnoll is almost dead.
You constrict the gnoll.
You kill the gnoll!
The gnoll hits you from afar with a +0 spear.
The gnoll closely misses you.
You tentacle-slap the gnoll. Your grab misses the gnoll.
The gnoll is lightly wounded.
The gnoll hits you with a +0 spear. The gnoll closely misses you.
The gnoll hits you with a +0 club.
You bludgeon the gnoll! Your grab misses the gnoll.
The gnoll is severely wounded.
The gnoll misses you. The gnoll hits you with a +0 spear.
The gnoll barely misses you.
You tentacle-slap the gnoll. You grab the gnoll.
The gnoll is almost dead.
You constrict the gnoll. The gnoll closely misses you.
The gnoll completely misses you. The gnoll hits you with a +0 club.
You tentacle-slap the gnoll.
You kill the gnoll!
The gnoll misses you. The gnoll hits you with a +0 flail!
You are too injured to fight recklessly!
You are too injured to fight recklessly!
You tentacle-slap the gnoll but do no damage.
You grab the gnoll. You constrict the gnoll.
The gnoll hits you with a +0 flail!
* * * LOW HITPOINT WARNING * * *
The gnoll closely misses you.
You tentacle-slap the gnoll.
The gnoll is heavily wounded.
You constrict the gnoll. The gnoll barely misses you. x2
You tentacle-slap the gnoll but do no damage.
The gnoll is heavily wounded.
You constrict the gnoll, but do no damage.
The gnoll barely misses you. The gnoll hits you with a +0 club.
You die...

#.# #.# #.#
####.######
..........#
#..#.##.## #........#
#)@..##..#######
......gg............#
..........##..###.#.#
###...######..##.<..#
##.# #.[##....# #.
##.##....# #
#.###.#.# #.. ....#
#.###.###


You could see 2 gnolls.

Vanquished Creatures
  2 gnolls (D:4)
  An adder (D:3)
  2 worms (D:2)
  A dart slug (D:1)
  7 endoplasms
  A giant cockroach (D:1)
  6 goblins
  2 hobgoblins (D:1)
  6 jackals
  4 quokkas (D:1)
  3 bats
  3 frilled lizards
  2 kobolds
  5 rats
45 creatures vanquished.

Notes
Turn   | Place    | Note
-------+----------+-------------------------------------------
     0 | D:1      | Ethylacetat the Octopode Gladiator began the quest for the
                  | Orb.
     0 | D:1      | Reached XP level 1. HP: 14/14 MP: 1/1
   135 | D:1      | Reached XP level 2. HP: 19/19 MP: 2/2
   399 | D:1      | Reached XP level 3. HP: 21/25 MP: 3/3
   702 | D:1      | You fall into a shaft and drop 1 floor!
  1160 | D:3      | Reached XP level 4. HP: 20/30 MP: 4/4
  2001 | D:4      | Slain by a gnoll

Illustrated notes

Levels and vault maps discovered:
D:1:      minmay_arrival_diagonal_passages, layout_basic
D:2:      layout_rooms
D:3:      layout_basic, chequers_serial_rivers_micro_b
D:4:      layout_loops_corners, grunt_temple_overflow_cloverleaf,
          serial_park_tiny_2

Skill      XL: |  1  2  3  4 |
---------------+-------------+-----
Fighting       | 3 |  3.1
Throwing       | |  2.0
Dodging        | |  3.8
Unarmed Combat | |  3.8

Action                     |  1- 3 |  4- 6 || total
---------------------------+-------+-------++-------
  Melee: Unarmed           |    86 |    21 ||   107
         Constrict         |    20 |     5 ||    25
         Tentacles         |    15 |     1 ||    16
         Punch             |     1 |     3 ||     4
   Stab: Sleeping          |     3 |     2 ||     5
 Armour: Skin              |     6 |       ||     6
  Dodge: Dodged            |    38 |    20 ||    58

Table legend: (Time is in decaauts)
 A = Elapsed time spent in this place.
 B = Non-inter-level travel time spent in this place.
 C = Inter-level travel time spent in this place.
 D = Time resting spent in this place.
 E = Time spent auto-exploring this place.
 F = Levels seen in this place.
 G = Mean time per level.
                   A        B        C        D        E       F      G
               +--------+--------+--------+--------+--------+-----+--------+
         Total |   1993 |   1935 |     58 |      0 |   1673 |   4 |  498.2 |
       Dungeon |   1993 |   1935 |     58 |      0 |   1673 |   4 |  498.2 |
               +--------+--------+--------+--------+--------+-----+--------+

Top non-repeatable levels by time:
     D:3: 831 daAuts
     D:1: 698 daAuts
     D:2: 437 daAuts
     D:4: 26 daAuts
